 Dungeon Crawl Stone Soup version 0.29.1-15-g9cfb28693d (webtiles) character file.

Game seed: 16983420721913923377

63 Heoruswealwe the Conjurer (level 3, -1/19 HPs)
             Began as a Deep Elf Conjurer on Mar 6, 2023.
             Slain by a giant cockroach (2 damage)
             ... on level 2 of the Dungeon.
             The game lasted 00:13:13 (1104 turns).

Heoruswealwe the Conjurer (Deep Elf Conjurer)       Turns: 1104, Time: 00:13:18

Health: -1/19      AC:  3    Str:  4    XL:     3   Next: 89%
Magic:  0/10       EV: 13    Int: 24    God:
Gold:   51         SH:  0    Dex: 13    Spells: 9/10 levels left

rFire   . . .      SeeInvis .   i - +0 war axe
rCold   . . .      Faith    .   (no shield)
rNeg    . . .      Spirit   .   c - +0 robe
rPois   .          Reflect  .   (no helmet)
rElec   .          Harm     .   (no cloak)
rCorr   .          Rampage  .   f - +0 pair of gloves
Will    .....                   (no boots)
Stlth   ++........              b - amulet of magic regeneration
HPRegen 0.06/turn               (no ring)
MPRegen 0.12/turn               (no ring)

@: flying, fire susceptible
A: no striking features
a: no special abilities


You were on level 2 of the Dungeon.
You visited 1 branch of the dungeon, and saw 4 of its levels.

You collected 51 gold pieces.

Inventory:

Hand Weapons
 i - a +0 war axe (weapon)
Armour
 c - a +0 robe (worn)
 f - a +0 pair of gloves (worn)
Jewellery
 b - an amulet of magic regeneration (around neck)
Scrolls
 e - 3 scrolls of identify {unknown}
 h - a scroll of immolation {unknown}


   Skills:
 + Level 3.2 Dodging
 - Level 3.0 Stealth
 * Level 4.3 Spellcasting
 + Level 4.8 Conjurations


You had 9 spell levels left.
You knew the following spells:

 Your Spells              Type           Power      Damage    Failure   Level
a - Magic Dart            Conj           100%       1d8       1%          1

Your spell library contained the following spells:

 Spells                   Type           Power      Damage    Failure   Level
 Searing Ray              Conj           56%        2d6       1%          2
 Foxfire                  Conj/Fire      64%        2x1d7     3%          1
 Dazzling Flash           Conj/Hex       32%        N/A       11%         3
 Blink                    Tloc           10%        N/A       14%         2
 Fulminant Prism          Conj/Hex       8%         3d7       34%         4
 Iskenderun's Mystic Bla  Conj/Tloc      16%        2d5       34%         4
 Irradiate                Conj/Tmut      8%         3d14      67%         5
 Blade Hands              Tmut           2%         N/A       95%         5
 Manifold Assault         Tloc           5%         N/A       95%         5
 Dragon Form              Tmut           2%         N/A       100%        7
 Storm Form               Tmut/Air       2%         N/A       100%        7


Dungeon Overview and Level Annotations

Branches:
Dungeon (4/15)
 Temple: D:4-7

Altars:
Ignis

Annotations:
D:4 3 runed translucent doors, Silencio's ghost, amateur MiFi


Message History

A giant cockroach comes into view.
The giant cockroach bites you but does no damage.
Found 13 gold pieces.
The endoplasm quivers.
The giant cockroach misses you.
The giant cockroach attacks as you move away!
The giant cockroach bites you. The ball python barely misses you.
The ball python grabs you. The ball python constricts you.
You are too injured to fight recklessly!
Casting: Magic Dart (safe; 1% risk of failure)
Confirm with . or Enter, or press ? or * to list all spells.
Aiming: Magic Dart (safe; 1% risk of failure)
Press: ? - help, Shift-Dir - straight line, f/p - ball python
Aim: a ball python (constricting you, 100% to hit)
The magic dart hits the ball python.
The ball python is severely wounded.
The giant cockroach barely misses you.
The giant cockroach bites you but does no damage.
The endoplasm freezes you.
You are frozen.
The ball python bites you but does no damage.
The ball python constricts you.
* * * LOW HITPOINT WARNING * * *
You escape the ball python's grasp.
The giant cockroach attacks as you move away!
The giant cockroach barely misses you.
The giant cockroach bites you but does no damage. x2
The giant cockroach misses you.
It was a potion of flight.
You feel very buoyant.
You fly up into the air.
The endoplasm hits you.
* * * LOW HITPOINT WARNING * * *
The giant cockroach bites you but does no damage. x2
As you read the scroll labelled HIGOGAM XALLA, it crumbles to dust.
The scroll dissolves into smoke.
It was a scroll of fog.
The endoplasm freezes you.
You are frozen.
* * * LOW HITPOINT WARNING * * *
The giant cockroach bites you.
You die...

#.........#
#.........#
#.........#
#.........#
#.........#
#.........#
#########.§.......##
##.........§BJ§§.....
#>..........B@§....#
#.#......#..S§§§...#
#.#.####.#..§.§....#
#.#.# #.###....####
#.#.# #.# #.....#
#.#.. ... ....#...
#.### #.# #...#$..
#.) ....#....


You could see an endoplasm, 2 giant cockroaches and a ball python.

Vanquished Creatures
  2 adders (D:4)
  A worm (D:4)
  4 dart slugs
  2 endoplasms (D:1)
  2 giant cockroaches
  6 goblins (D:1)
  A hobgoblin (D:3)
  2 quokkas
  2 ball pythons
  A bat (D:2)
  3 frilled lizards
  4 kobolds
  4 rats
34 creatures vanquished.

Vanquished Creatures (others)
  3 fungi
  10 plants
13 creatures vanquished.

Grand Total: 47 creatures vanquished

Notes
Turn   | Place    | Note
-------+----------+-------------------------------------------
     0 | D:1      | Heoruswealwe the Deep Elf Conjurer began the quest for the
                  | Orb.
     0 | D:1      | Reached XP level 1. HP: 10/10 MP: 6/6
   262 | D:1      | Found a faded altar of an unknown god.
   319 | D:1      | Got Plato's Encyclopedia of the Inferno
   320 | D:1      | Prayed at the altar of an unknown god.
   320 | D:1      | Became a worshipper of Ignis, the Dying Flame
   323 | D:1      | Fell from the grace of Ignis
   366 | D:1      | Reached XP level 2. HP: 15/15 MP: 6/8
   837 | D:1      | You fall into a shaft and drop 1 floor!
   890 | D:2      | You fall into a shaft and drop 2 floors!
   910 | D:4      | Reached XP level 3. HP: 19/19 MP: 6/10
   943 | D:4      | Found a runed translucent gate.
   944 | D:4      | Found a runed translucent gate.
   944 | D:4      | Noticed Silencio's ghost (amateur MiFi)
   946 | D:4      | Found a runed translucent gate.
   946 | D:4      | Noticed a kobold brigand
  1104 | D:2      | Slain by a giant cockroach

Illustrated notes

Levels and vault maps discovered:
D:1:      kennysheep_arrival_seaside, layout_basic,
          shapermc_ecumenical_altar_rom_forum
D:2:      layout_basic
D:3:      minmay_skewed_foursquare, layout_loops_ring, nzn_wu_jian_council_hall,
          mainiacjoe_overflow_tiny_flanked
D:4:      layout_cave_pools, gammafunk_ghost_nasty_kobolds, dk_noncrumbling_2,
          nicolae_underground_beach

Skill      XL: |  1  2  3 |
---------------+----------+-----
Stealth        | 3 |  3.0
Dodging        | 3 |  3.2
Spellcasting   | 4 |  4.3
Conjurations   | |  4.8

Action                   || total
-------------------------++-------
Melee: Hand axe          ||     8
       Short sword       ||    38
       War axe           ||     4
 Cast: Magic Dart        ||    77
Invok: Renounce Religion ||     1
  Use: Scroll            ||     2
       Potion            ||     2
Armor: Robe              ||    13
Dodge: Dodged            ||    18
